 Dungeon Crawl Stone Soup version 0.27.1-33-g824d729ab1 (webtiles) character file.

Game seed: 7643186155232061218

637 dohliylev the Chopper (level 7, -1/60 HPs)
             Began as a Minotaur Fighter on Dec 27, 2021.
             Slain by a gnoll (3 damage)
             ... on level 5 of the Dungeon.
             The game lasted 00:08:21 (3749 turns).

dohliylev the Chopper (Minotaur Fighter)            Turns: 3749, Time: 00:08:22

Health: -1/60      AC:  8    Str: 29    XL:     7   Next: 25%
Magic:  6/6        EV: 24    Int:  5    God:
Gold:   282        SH: 11    Dex: 15    Spells: 6/6 levels left

rFire    . . .     SeeInvis .   a - +0 war axe
rCold    . . .     Faith    .   c - +0 kite shield
rNeg     . . .     Spirit   .   b - +0 scale mail
rPois    .         Reflect  .   (helmet restricted)
rElec    .         Harm     .   o - +0 cloak
rCorr    .         Rampage  .   (no gloves)
Will     .....                  (no boots)
Stlth    ..........             l - amulet of the acrobat
HPRegen  0.20/turn              e - +6 ring of dexterity
MPRegen  0.10/turn              h - +6 ring of strength

@: acrobatic
A: horns 2, retaliatory headbutt
a: no special abilities


You were on level 5 of the Dungeon.
You visited 1 branch of the dungeon, and saw 5 of its levels.

You collected 282 gold pieces.

Inventory:

Hand Weapons
 a - a +0 war axe (weapon)
Armour
 b - a +0 scale mail (worn)
 c - a +0 kite shield (worn)
 o - a +0 cloak (worn)
Jewellery
 e - a +6 ring of dexterity (left hand)
 h - a +6 ring of strength (right hand)
 l - an amulet of the acrobat (around neck)
Wands
 n - a wand of digging (5)
Scrolls
 f - 2 scrolls of immolation {unknown}
 g - 3 scrolls of teleportation {unknown}
 i - a scroll of enchant armour {unknown}
 j - 2 scrolls of identify {unknown}
 k - a scroll of fear {unknown}
 m - a scroll of torment {unknown}
 t - a scroll of brand weapon {unknown}
 u - a scroll of fog {unknown}
Potions
 d - 3 potions of might
 p - 3 potions of haste {unknown}
 q - 3 potions of curing {unknown}
 r - a potion of degeneration {unknown}
 s - 2 potions of resistance {unknown}


   Skills:
 + Level 4.8 Fighting
 + Level 6.4 Axes
 + Level 5.7 Armour
 + Level 1.7 Dodging
 + Level 5.5 Shields


You had 6 spell levels left.
You didn't know any spells.
Your spell library contained the following spells:

 Spells                   Type           Power      Damage    Failure   Level
 Ozocubu's Armour         Ice            0%         N/A       100%        3
 Metabolic Englaciation   Hex/Ice        0%         N/A       100%        5
 Simulacrum               Ice/Necr       0%         N/A       100%        6


Dungeon Overview and Level Annotations

Branches:
Dungeon (5/15)
 Temple: D:4-7

Altars:
Dithmenos
Gozag
Makhleb

Shops:
D:2 ?


Innate Abilities, Weirdness & Mutations

You have a pair of horns on your head.
You reflexively headbutt those who attack you in melee.


Message History

The gnoll seems to speed up.
The gnoll hits you from afar with a +0 spear.
You closely miss the gnoll shaman. Your headbutt misses the gnoll shaman.
The gnoll closely misses you. You block the gnoll's attack.
The gnoll shaman barely misses you.
You barely miss the gnoll shaman. Your headbutt misses the gnoll shaman.
The gnoll hits you but does no damage. You block the gnoll shaman's attack.
You block the gnoll's attack.
The gnoll hits you from afar with a +0 halberd!
You slash the gnoll shaman! You headbutt the gnoll shaman.
The gnoll shaman is severely wounded.
The gnoll hits you but does no damage. You block the gnoll's attack.
The gnoll hits you from afar with a +0 spear.
* * * LOW HITPOINT WARNING * * *
The gnoll shaman barely misses you.
The gnoll hits you from afar with a +0 halberd!
* * * LOW HITPOINT WARNING * * *
You slash the gnoll shaman!
You kill the gnoll shaman!
You block the gnoll's attack.
The gnoll hits you from afar with a +0 spear.
* * * LOW HITPOINT WARNING * * *
You block the gnoll's attack. The gnoll hits you but does no damage.
The gnoll closely misses you. The gnoll completely misses you.
Things that are here:
a +0 club; a +0 leather armour
Found a hunting sling.
The gnoll misses you.
The gnoll hits you from afar with a +0 spear.
* * * LOW HITPOINT WARNING * * *
The gnoll closely misses you. The gnoll misses you.
The gnoll completely misses you. You block the gnoll's attack.
The gnoll completely misses you. The gnoll barely misses you.
Found a ring mail.
The gnoll hits you from afar with a +0 spear.
* * * LOW HITPOINT WARNING * * *
The gnoll hits you from afar with a +0 spear.
You die...

... ... #.. #.#
..[ #####.#
.###...#.#
.......#@##
#......# #....g.#
# #......#
#.####.#g..## ..
...#......#
..#######.####.#.#
.......#..gg....#
# #.##.##..###...#


You could see 2 gnolls.

Vanquished Creatures
  A scorpion (D:5)
  2 howler monkeys (D:4)
  A gnoll shaman (D:5)
  3 orc priests
  Crazy Yiuf (D:2)
  A centaur skeleton (D:3)
  4 orc wizards
  2 iguanas
  A gnoll (D:5)
  6 adders
  A shadow imp (D:4)
  3 worms
  2 dart slugs (D:2)
  10 orcs
  9 endoplasms
  5 giant cockroaches
  7 goblins
  7 hobgoblins
  4 jackals
  6 kobolds
  2 quokkas
  6 ball pythons
  10 bats
  3 frilled lizards
  4 rats (D:1)
101 creatures vanquished.

Notes
Turn   | Place    | Note
-------+----------+-------------------------------------------
     0 | D:1      | dohliylev the Minotaur Fighter began the quest for the Orb.
     0 | D:1      | Reached XP level 1. HP: 19/19 MP: 0/0
    85 | D:1      | Reached XP level 2. HP: 26/27 MP: 1/1
   638 | D:1      | Reached XP level 3. HP: 31/33 MP: 2/2
  1125 | D:2      | Found a faded altar of an unknown god.
  1220 | D:2      | Found a runed translucent door.
  1221 | D:2      | Noticed Crazy Yiuf
  1237 | D:2      | Reached skill level 3 in Axes
  1284 | D:2      | Reached XP level 4. HP: 28/40 MP: 3/3
  1289 | D:2      | Reached skill level 4 in Axes
  1289 | D:2      | Reached XP level 5. HP: 26/46 MP: 4/4
  1504 | D:2      | Found Vovig's Magic Scroll Emporium.
  1937 | D:2      | Killed Crazy Yiuf
  2099 | D:3      | Found a burning altar of Makhleb.
  2112 | D:3      | Found an opulent altar of Gozag.
  2180 | D:3      | Reached skill level 1 in Dodging
  2341 | D:3      | Reached skill level 5 in Armour
  2357 | D:3      | Reached skill level 5 in Shields
  2529 | D:3      | Reached XP level 6. HP: 48/53 MP: 5/5
  2537 | D:3      | Reached skill level 5 in Axes
  3274 | D:4      | Found a shadowy altar of Dithmenos.
  3286 | D:4      | Reached skill level 6 in Axes
  3290 | D:4      | Reached XP level 7. HP: 41/60 MP: 6/6
  3508 | D:5      | Entered Level 5 of the Dungeon
  3731 | D:5      | HP: 2/60 [gnoll (6)]
  3747 | D:5      | HP: 2/60 [gnoll (3)]
  3749 | D:5      | Slain by a gnoll

Illustrated notes

Levels and vault maps discovered:
D:1:      roderic_dead_forest, layout_basic
D:2:      cheibrodos_pilgrimage, layout_basic,
          ebering_ecumenical_altar_petrified, serial_shops, shop, moated_statue,
          uniq_crazy_yiuf_cottage
D:3:      layout_basic, amcnicky_altar_gilded, nicolae_gozag_seed_capital
D:4:      layout_cave_pods, lemuel_doored_altar, minmay_misc_feat_enclosed,
          chequers_garden
D:5:      gammafunk_wand_slinger, layout_basic, fedhas_altar_2, serial_shops,
          shop, minivault_5

Skill      XL: |  1  2  3  4  5  6 |
---------------+-------------------+-----
Shields        | 4 5 |  5.5
Fighting       | 4 |  4.8
Armour         | 4 5 |  5.7
Axes           | 3 4 6 |  6.4
Dodging        | 1 |  1.7

Action                   |  1- 3 |  4- 6 |  7- 9 || total
-------------------------+-------+-------+-------++-------
Melee: War axe           |    75 |   101 |    17 ||   193
       Headbutt          |     4 |    24 |     6 ||    34
 Stab: Invisible         |       |     1 |       ||     1
Armor: Scale mail        |    39 |    37 |     8 ||    84
Dodge: Dodged            |    28 |    51 |    14 ||    93
Block: Kite shield       |    45 |    59 |    17 ||   121
